 Dungeon Crawl Stone Soup version 0.30.1-11-g7821555f0a (webtiles) character file.

Game seed: 16000220313600615773

470 SacredBeard the Grave Robber (level 6, -2/46 HPs)
             Began as a Demonspawn Necromancer on Nov 27, 2023.
             Splashed by a jelly's acid (11 damage)
             ... on level 4 of the Dungeon.
             The game lasted 00:08:21 (3598 turns).

SacredBeard the Grave Robber (DsNe)                 Turns: 3598, Time: 00:08:21

Health: -2/46      AC:  0    Str:  8    XL:     6   Next: 82%
Magic:  3/9        EV: 12    Int: 18    God:
Gold:   180        SH:  0    Dex: 14    Spells: 8/9 levels left

rFire   . . .        l - +5 dagger
rCold   . . .        (no shield)
rNeg    . . .        a - +0 robe
rPois   .            g - +0 helmet
rElec   .            (no cloak)
rCorr   .            (no gloves)
SInv    .            (boots unavailable)
Will    .....        (no amulet)
Stlth   ++           (no ring)
HPRegen 0.27/turn    (no ring)
MPRegen 0.11/turn

%: no passive effects
@: corroded, very slightly contaminated
A: hooves 3, powered by pain 1
a: no special abilities


You were on level 4 of the Dungeon.
You visited 1 branch of the dungeon, and saw 4 of its levels.

You collected 180 gold pieces.

Inventory:

Hand Weapons
 h - a +0 short sword of protection
 l - a +5 dagger (weapon)
Missiles
 f - 19 stones
 m - 5 javelins
 n - 4 poisoned darts
Armour
 a - a +0 robe (worn)
 g - a +0 helmet (worn)
Jewellery
 u - an amulet of regeneration
 y - a ring of ice
Scrolls
 d - 4 scrolls of teleportation {unknown}
 e - a scroll of blinking {unknown}
 j - a scroll of vulnerability {unknown}
 o - 2 scrolls of identify {unknown}
 p - a scroll of fear {unknown}
 q - 2 scrolls of magic mapping {unknown}
 r - a scroll of silence {unknown}
 s - 2 scrolls of immolation {unknown}
 t - a scroll of enchant armour {unknown}
 v - 2 scrolls of fog {unknown}
 w - a scroll of poison {unknown}
 x - a scroll of amnesia {unknown}
Potions
 b - a potion of magic
 c - a potion of mutation {unknown}
 i - 2 potions of curing {unknown}
 k - a potion of heal wounds {unknown}
 z - a potion of invisibility {unknown}


   Skills:
 + Level 2.5 Fighting
 - Level 2.0 Throwing
 - Level 2.0 Armour
 - Level 2.0 Dodging
 - Level 3.0 Stealth
 - Level 2.0 Spellcasting
 * Level 6.2 Necromancy
 + Level 2.4 Evocations


You had 8 spell levels left.
You knew the following spells:

 Your Spells              Type           Power      Damage    Failure   Level
a - Necrotise             Necr           96%        1d8       1%          1

Your spell library contained the following spells:

 Spells                   Type           Power      Damage    Failure   Level
 Vampiric Draining        Necr           24%        2d7       4%          3
 Animate Dead             Necr           24%        N/A       14%         4
 Magic Dart               Conj           4%         1d3       19%         1
 Searing Ray              Conj           2%         2d4       26%         2
 Agony                    Necr           24%        N/A       36%         5
 Fulminant Prism          Conj/Hex       0%         3d5       87%         4


Dungeon Overview and Level Annotations

Branches:
Dungeon (4/15) Zot: 20402
 Temple: D:4-7

Altars:
Nemelex Xobeh

Annotations:
D:4 Edmund


Innate Abilities, Weirdness & Mutations

You have hooves in place of feet.
You sometimes gain a little power by taking damage.


Message History

Your goblin skeleton crumbles into dust!
There is an open door here.
You see here a +0 club.
There is an open door here.
You see here a +0 club.
A goblin comes into view. It is wielding a +0 dagger.
The goblin shouts!
The goblin writhes in agony!
You kill the goblin!
The dead are walking!
You can't see any susceptible monsters within range! (Use Z to cast anyway.)
You can't see any susceptible monsters within range! (Use Z to cast anyway.)
You can't see any susceptible monsters within range! (Use Z to cast anyway.)
A jelly comes into view.
Edmund the Younger comes into view.
He is wielding a +2 flail of protection and wearing a +3 chain mail of cold resistance.
Edmund shouts!
Edmund writhes in agony.
The jelly hits your goblin skeleton.
Your goblin skeleton is splashed with acid.
Edmund writhes in agony.
Your goblin skeleton hits the jelly.
Your goblin skeleton is burned by acid!
Your goblin skeleton is destroyed!
Edmund writhes in agony.
Edmund misses you.
Edmund writhes in agony.
Edmund hits you with a +2 flail of protection!
You miscast Necrotise.
You are very lightly contaminated with residual magic.
Nothing appears to happen.
Edmund hits you with a +2 flail of protection.
Edmund writhes in agony!
The jelly closely misses you.
Edmund hits you with a +2 flail of protection!
You are too injured to fight recklessly!
You are too injured to fight recklessly!
You are too injured to fight recklessly!
The jelly hits you.
You are splashed with acid!
* * * LOW HITPOINT WARNING * * *
The jelly attacks as you move away! The jelly hits you.
* * * LOW HITPOINT WARNING * * *
The acid corrodes you!
You are splashed with acid!
You die...

#........#.#
#........).#
#........#.######
#........#......#
#........#.####...
#........#.#
+........#.##
#........#..#
##########.@#
...)...J@#
................
.####.#.###.....
#.#.# .### #.... #
###.# #.# ..#


You could see Edmund and a jelly.

Vanquished Creatures
  A black bear (D:4)
  An ogre (D:4)
  A vampire bat (D:3)
  An iguana (D:4)
  4 adders
  A white imp (D:3)
  3 worms
  2 dart slugs
  3 fire bats (D:3)
  5 orcs (D:3)
  2 spectral bats (D:3)
  3 ball pythons
  17 bats
  3 bat skeletons (D:3)
  A bat zombie (D:3)
  9 endoplasms
  12 goblins
  5 hobgoblins
  2 quokkas (D:3)
  A bat simulacrum (D:3)
  5 frilled lizards
  A goblin skeleton (D:3)
  A goblin zombie (D:3)
  2 hobgoblin zombies (D:3)
  4 kobolds
  2 orc skeletons (D:3)
  3 orc zombies (D:3)
  6 rats
101 creatures vanquished.

Vanquished Creatures (collateral kills)
  A bat (D:3)
  An endoplasm (D:1)
  2 ball pythons
4 creatures vanquished.

Grand Total: 105 creatures vanquished

Notes
Turn   | Place    | Note
-------+----------+-------------------------------------------
     0 | D:1      | SacredBeard the Demonspawn Necromancer began the quest for
                  | the Orb.
     0 | D:1      | Reached XP level 1. HP: 13/13 MP: 3/3
   343 | D:1      | Gained mutation: You have large cloven feet. [demonic
                  | ancestry]
   343 | D:1      | Reached XP level 2. HP: 19/19 MP: 1/5
  1055 | D:2      | Gained mutation: You sometimes gain a little power by
                  | taking damage. [demonic ancestry]
  1055 | D:2      | Reached XP level 3. HP: 21/25 MP: 0/6
  1347 | D:2      | Reached skill level 1 in Armour
  1417 | D:2      | Reached skill level 5 in Necromancy
  1417 | D:2      | Reached skill level 1 in Evocations
  1558 | D:2      | Reached skill level 1 in Fighting
  1558 | D:2      | Gained mutation: You have hoof-like feet. [demonic
                  | ancestry]
  1558 | D:2      | Reached XP level 4. HP: 32/32 MP: 3/7
  2209 | D:3      | Reached skill level 1 in Throwing
  2306 | D:3      | Gained mutation: You have hooves in place of feet. [demonic
                  | ancestry]
  2306 | D:3      | Reached XP level 5. HP: 34/37 MP: 0/8
  2908 | D:3      | Found a sparkling altar of Nemelex Xobeh.
  3161 | D:4      | Reached XP level 6. HP: 44/44 MP: 4/9
  3361 | D:4      | Reached skill level 6 in Necromancy
  3589 | D:4      | Noticed Edmund
  3598 | D:4      | Splashed by a jelly's acid

Illustrated notes

Levels and vault maps discovered:
D:1:      ncdulo_smallfort, layout_loops_cross
D:2:      layout_rooms, minmay_heptomino_o4
D:3:      layout_rooms, nicolae_tso_besieged_by_evil,
          mainiacjoe_overflow_24_doors, hangedman_abyss_or_decor_lesser_grid,
          goddamned_bats
D:4:      layout_loops_ring, mainiacjoe_overflow_alcove_1,
          minmay_misc_feat_rows, serial_park_tiny_1, minivault_25,
          minmay_crystal_room, uniq_robin, uniq_edmund

Skill      XL: |  1  2  3  4  5  6 |
---------------+-------------------+-----
Stealth        | 2 3 |  3.0
Dodging        | 2 |  2.0
Armour         | 1 2 |  2.0
Necromancy     | 5 6 |  6.2
Evocations     | 1 2 |  2.4
Fighting       | 1 2 |  2.5
Throwing       | 1 2 |  2.0
Spellcasting   | |  2.0

Action                     |  1- 3 |  4- 6 || total
---------------------------+-------+-------++-------
  Melee: Club              |     4 |       ||     4
         Kick              |     2 |    19 ||    21
         Short sword       |     4 |       ||     4
         Dagger            |     2 |    57 ||    59
         Punch             |       |     1 ||     1
  Throw: Stone             |     7 |       ||     7
   Cast: Necrotise         |    61 |    89 ||   150
   Stab: Sleeping          |       |     2 ||     2
 Armour: Robe              |     8 |    44 ||    52
  Dodge: Dodged            |    17 |    97 ||   114
